 Dungeon Crawl Stone Soup version 0.28.0-53-g5a82cb258f (webtiles) character file.

Game seed: 6672889221219940382

86 mcbry74 the Skirmisher (level 4, 0/40 HPs)
             Began as a Hill Orc Fighter on July 4, 2022.
             Was a Believer of Fedhas.
             Slain by a wyvern zombie (4 damage)
             ... on level 3 of the Dungeon on July 5, 2022.
             The game lasted 00:05:57 (2375 turns).

mcbry74 the Skirmisher (Hill Orc Fighter)           Turns: 2375, Time: 00:05:59

Health: 0/40       AC:  7    Str: 20    XL:     4   Next: 50%
Magic:  4/4        EV:  9    Int:  8    God:    Fedhas [**....]
Gold:   152        SH:  4    Dex: 10    Spells: 3/3 levels left

rFire   . . .      SeeInvis .   a - +0 war axe
rCold   . . .      Faith    .   c - +0 buckler
rNeg    . . .      Spirit   .   b - +0 scale mail
rPois   .          Reflect  .   (no helmet)
rElec   .          Harm     .   (no cloak)
rCorr   .          Rampage  .   (no gloves)
Will    .....                   (no boots)
Stlth   ..........              (no amulet)
HPRegen 0.13/turn               (no ring)
MPRegen 0.09/turn               (no ring)

@: no status effects
A: no striking features
a: Renounce Religion, Wall of Briars


You were on level 3 of the Dungeon.
You worshipped Fedhas.
Fedhas was pleased with you.
You visited 1 branch of the dungeon, and saw 3 of its levels.

You collected 152 gold pieces.

Inventory:

Hand Weapons
 a - a +0 war axe (weapon)
 g - a +0 glaive
Missiles
 k - 3 poisoned darts (quivered)
Armour
 b - a +0 scale mail (worn)
 c - a +0 buckler (worn)
Scrolls
 e - 2 scrolls of identify {unknown}
 f - a scroll of enchant armour {unknown}
 h - a scroll of vulnerability {unknown}
 i - 2 scrolls of blinking {unknown}
Potions
 d - a potion of might
 j - a potion of berserk rage {unknown}
 l - a potion of heal wounds {unknown}
 m - 2 potions of ambrosia {unknown}


   Skills:
 - Level 4.1 Fighting
 * Level 3.9 Axes
 + Level 4.1 Armour
 - Level 4.1 Shields


You had 3 spell levels left.
You didn't know any spells.
Your spell library contained the following spells:

 Spells                   Type           Power      Damage    Failure   Level
 Shock                    Conj/Air       0%         1d3       85%         1
 Swiftness                Air            0%         N/A       99%         3
 Airstrike                Air            0%         N/A       100%        4


Dungeon Overview and Level Annotations

Branches:
Dungeon (3/15)

Altars:
Fedhas


Message History

The adder is heavily wounded.
The adder barely misses you. The adder bites you but does no damage.
You slash the adder!
You kill the adder!
Fedhas appreciates your contribution to the ecosystem.
Your life force feels restored.
You see here an adder corpse.
You start resting.
HP restored.
Found a spear.
You see here a +0 spear.
You now have 152 gold pieces (gained 4).
A wyvern zombie comes into view.
You barely miss the wyvern zombie. The wyvern zombie bites you!
The wyvern zombie bites you but does no damage.
You slash the wyvern zombie!
The wyvern zombie is moderately damaged.
The wyvern zombie barely misses you. You block the wyvern zombie's attack.
You barely miss the wyvern zombie.
The wyvern zombie is moderately damaged.
The wyvern zombie bites you.
You barely miss the wyvern zombie.
The wyvern zombie is moderately damaged.
You block the wyvern zombie's attack. x2
You barely miss the wyvern zombie.
The wyvern zombie is moderately damaged.
The wyvern zombie barely misses you. The wyvern zombie bites you.
You barely miss the wyvern zombie.
The wyvern zombie is moderately damaged.
The wyvern zombie bites you! You block the wyvern zombie's attack.
You barely miss the wyvern zombie.
The wyvern zombie is moderately damaged.
The wyvern zombie bites you.
You slash the wyvern zombie!
The wyvern zombie is heavily damaged.
The wyvern zombie bites you!
* * * LOW HITPOINT WARNING * * *
The wyvern zombie bites you.
You die...
Fedhas appreciates your contribution to the ecosystem.

#.# #.# ##### #.#
...# #.# ##.## #.#
#####...######.#
##.....#........#
#.#...##...########
......Z@..##
..#...###.# ##. #.#
# #.# #.# #.# #.#
.#


You could see a wyvern zombie.

Vanquished Creatures
  3 adders
  2 worms (D:2)
  A dart slug (D:2)
  5 ball pythons
  4 bats
  7 endoplasms
  3 giant cockroaches
  4 hobgoblins (D:1)
  A jackal (D:2)
  4 quokkas
  4 frilled lizards (D:1)
  5 goblins
  4 kobolds
  3 rats
50 creatures vanquished.

Vanquished Creatures (others)
  11 plants (D:2)
11 creatures vanquished.

Grand Total: 61 creatures vanquished

Notes
Turn   | Place    | Note
-------+----------+-------------------------------------------
     0 | D:1      | mcbry74 the Hill Orc Fighter began the quest for the Orb.
     0 | D:1      | Reached XP level 1. HP: 19/19 MP: 1/1
    20 | D:1      | You fall into a shaft and drop 1 floor!
    63 | D:2      | Reached XP level 2. HP: 25/27 MP: 2/2
   273 | D:1      | Found a faded altar of an unknown god.
   280 | D:1      | Prayed at the altar of an unknown god.
   280 | D:1      | Became a worshipper of Fedhas Madash
   280 | D:1      | Reached * piety under Fedhas
   760 | D:1      | Reached XP level 3. HP: 32/33 MP: 3/3
  1210 | D:1      | Reached ** piety under Fedhas
  1690 | D:2      | Reached XP level 4. HP: 35/37 MP: 4/4
  2375 | D:3      | Slain by a wyvern zombie

Illustrated notes

Levels and vault maps discovered:
D:1:      dpeg_arrival_prison, layout_basic,
          dreamdust_ecumenical_altar_hidden_monk_grotto, minivault_11,
          minmay_misc_feat_hallway
D:2:      minmay_inner_zag, layout_basic, serial_glass, glass_columns_b,
          glass_columns_a, serial_bayou_lagoon_a
D:3:      layout_loops_ring, fedhas_ov_isle_minmay

Skill      XL: |  1  2  3  4 |
---------------+-------------+-----
Axes           | 3 |  3.9
Fighting       | 4 |  4.1
Armour         | 4 |  4.1
Shields        | 4 |  4.1

Action                   |  1- 3 |  4- 6 || total
-------------------------+-------+-------++-------
Melee: War axe           |   112 |    59 ||   171
Armor: Scale mail        |    49 |    24 ||    73
Dodge: Dodged            |    54 |    39 ||    93
Block: Buckler           |    21 |    14 ||    35
